 Dungeon Crawl Stone Soup version 0.25.1-2-g60ff931df9 (webtiles) character file.

Game seed: 14335222059247740510

200566 py09dh the Bludgeoner (level 17, -2/168 HPs)
             Began as a Minotaur Berserker on Aug 24, 2020.
             Was a High Priest of Trog.
             Shot with an arrow by a satyr (23 damage)
             ... on level 4 of the Shoals on Sept 4, 2020.
             The game lasted 05:40:05 (55201 turns).

py09dh the Bludgeoner (Minotaur Berserker)         Turns: 55201, Time: 05:40:05

Health: -2/168     AC: 26    Str: 24    XL:     17   Next: 88%
Magic:  5/5        EV: 16    Int:  7    God:    Trog [*****.]
Gold:   3514       SH:  0    Dex: 12    Spells: 16/16 levels left

rFire    . . .     SeeInvis +   x - +2 great mace (antimagic)
rCold    + . .     Gourm    .   (shield currently unavailable)
rNeg     + . .     Faith    +   F - +1 plate armour {rPois}
rPois    +         Spirit   .   (helmet restricted)
rElec    +         Reflect  .   H - +1 cloak of Starlight {rElec rC+ EV+4 Stlth--}
rCorr    .         Harm     .   m - +1 pair of gloves "Riwui" {rN+ Slay+2}
MR       +++..                  k - +0 pair of boots
Stlth    ..........             X - amulet of faith
HPRegen  1.38/turn              L - ring of see invisible
MPRegen  0.09/turn              T - ring of poison resistance

@: about to teleport, afraid, mesmerised, very slightly contaminated,
regenerating, very slow
A: retaliatory headbutt, horns 2, subdued magic 1
}: 1/15 runes: gossamer
a: Berserk, Trog's Hand, Brothers in Arms, Renounce Religion


You were on level 4 of the Shoals.
You worshipped Trog.
Trog was extremely pleased with you.
You were hungry.

You visited 7 branches of the dungeon, and saw 33 of its levels.

You collected 4096 gold pieces.
You spent 582 gold pieces at shops.

Inventory:

Hand Weapons
 r - the +7 great mace "Teloka" {flame, MR+}
   (Trog gifted it to you on level 12 of the Dungeon)

   It has been specially enchanted to burn those struck by it, causing extra
   injury to most foes and up to half again as much damage against particularly
   susceptible opponents.
   It affects your resistance to hostile enchantments.
 v - a +2 eveningstar of flaming
 x - a +2 antimagic great mace (weapon)
 V - a +4 vorpal great mace
Missiles
 z - 13 silver javelins (quivered)
Armour
 f - a +0 tower shield
 k - a +0 pair of boots (worn)
 m - the +1 pair of gloves "Riwui" (worn) {rN+ Slay+2}
   (You found it on level 2 of the Lair of Beasts)

   It affects your accuracy and damage with ranged weapons and melee attacks
   (+2).
   It protects you from negative energy.
 E - a +1 cloak of magic resistance
 F - a +1 plate armour of poison resistance (worn)
 H - the +1 cloak of Starlight (worn) {rElec rC+ EV+4 Stlth--}
   (You found it on level 8 of the Dungeon)

   It affects your evasion (+4).
   It protects you from cold.
   It insulates you from electricity.
   It makes you much less stealthy.
 U - the +5 chain mail of Agoraphobia {*Slow rPois rN+ Dex+2}
   (You found it on level 9 of the Dungeon)

   It affects your dexterity (+2).
   It protects you from poison.
   It protects you from negative energy.
   It may slow you when you take damage.
Jewellery
 l - an uncursed ring of resist corrosion
 G - a +4 ring of protection
 L - a ring of see invisible (left hand)
 T - a ring of poison resistance (right hand)
 W - a +6 ring of strength
 X - an amulet of faith (around neck)
Wands
 b - a wand of clouds (10)
 g - a wand of acid (6)
 q - a wand of disintegration (22)
 s - a wand of paralysis (41)
 y - a wand of random effects (27)
 A - a wand of polymorph (20)
 O - a wand of digging (6)
 R - a wand of iceblast (20)
 Y - a wand of flame (29)
Scrolls
 d - 8 scrolls of enchant armour
 e - 4 scrolls of teleportation
 h - 4 scrolls of blinking
 j - 14 scrolls of remove curse
 p - 2 scrolls of enchant weapon
 t - 4 scrolls of magic mapping
 w - 3 scrolls of acquirement
 D - a scroll of holy word
 M - 4 scrolls of fog
 P - 18 scrolls of identify
Potions
 a - 5 potions of flight
 i - 4 potions of haste
 o - 5 potions of curing
 u - 3 potions of stabbing
 B - a potion of berserk rage
 C - a potion of cancellation
 Q - 3 potions of might
 S - 2 potions of ambrosia
Comestibles
 c - 29 rations


   Skills:
 + Level 19.2 Fighting
 - Level 20.0 Maces & Flails
 - Level 18.0 Armour
 - Level 10.3 Dodging
 - Level 0.5 Stealth
 * Level 14.8 Shields


You had 16 spell levels left.
You didn't know any spells.
Your spell library was empty.

Dungeon Overview and Level Annotations

Branches:
Dungeon (15/15)            Temple (1/1) D:5            Lair (6/6) D:8
 Shoals (4/4) Lair:4       Spider (4/4) Lair:4        Slime (1/5) Lair:6
    Orc (2/2) D:12            Elf (0/3) Orc:2        Vaults (0/5) D:14
 Depths (0/5) D:15

Altars:
Ashenzari
Cheibriados
Dithmenos
Elyvilon
Fedhas
Gozag
Hepliaklqana
Kikubaaqudgha
Makhleb
Nemelex Xobeh
Okawaru
Qazlal
Ru
Sif Muna
Trog
Uskayaw
Vehumet
Wu Jian
Xom
Yredelemnul
Zin
The Shining One
Beogh
Jiyva

Shops:
D:11 (   D:12 (   D:13 =   Orc:1 %   Orc:2 *([%%

Annotations:
D:10 3 runed translucent doors, Mimor's ghost, journeyman GnWn; lepoulpe303's ghost, journeyman SpEE
D:11 exclusion: obsidian statue
Lair:3 2 runed translucent doors, Voril's ghost, journeyman MiBe
Spider:2 3 runed translucent doors, exclusion: 2 oklob plants, cfbundy's ghost, adept FoFi; ywyr's ghost, adept OpCj


Innate Abilities, Weirdness & Mutations

You reflexively headbutt those who attack you in melee.
You have a pair of horns on your head.
Your spells are a little easier to cast, but a little less powerful.


Message History

As you read the scroll of teleportation, it crumbles to dust.
You feel strangely unstable.
The satyr plays a frightful melody on his pipes!
The satyr radiates an aura of fear!
You are terrified of the satyr!
The satyr shoots an arrow.
The arrow hits you but does no damage. The drowned soul touches you.
The drowned soul drowns you!
* * * LOW HITPOINT WARNING * * *
The merfolk avatar chants its luring song.
Okay, then.
Your skin crawls.
You feel resistant to hostile enchantments.
You are feeling hungry.
The satyr shoots an arrow.
The arrow hits you but does no damage.
You hear a splash.
The satyr shoots an arrow.
The arrow misses you.
You hear a splash.
The merfolk avatar chants its luring song.
The satyr shoots an arrow.
The arrow hits you!!
You die...

≈≈≈≈≈≈≈≈≈≈≈....≈≈P.#P≈≈≈
≈≈≈≈≈≈≈≈.........≈...P≈≈≈
≈≈.....≈≈≈≈..........PPP≈≈≈
......≈≈≈(≈...........≈≈≈ ≈
.......≈≈≈≈.......ctPm#
P≈≈≈###.......$≈≈≈....?.m.(..#≈≈≈
P≈≈≈≈≈≈PP.....≈≈≈..≈...((cmmP((#
P≈≈≈≈≈≈P#.....≈≈≈≈)...<.....P###
≈≈≈}≈≈≈P≈....≈≈≈@≈...(........#
≈≈≈≈≈≈PP#(≈≈≈≈≈≈≈≈≈≈(≈........m.≈
≈≈≈≈≈≈P##≈≈≈≈≈≈≈c≈≈≈(≈≈≈.(....≈≈≈
###≈≈≈P#≈≈≈≈≈m≈≈≈≈≈≈≈≈≈≈....≈≈≈≈≈
PP#≈≈..#≈≈≈≈≈≈≈≈≈≈≈≈≈≈≈≈≈≈≈≈≈≈≈≈≈
≈PP≈PP..≈≈≈≈≈≈≈≈≈≈≈≈≈≈≈≈≈≈≈≈≈≈≈≈≈
≈≈≈≈≈.).≈≈≈≈≈≈≈≈≈≈≈≈≈≈≈≈≈≈≈≈≈≈
≈≈≈≈≈≈≈≈≈≈≈≈≈≈c≈≈≈≈≈≈≈≈≈≈≈≈≈.
≈≈≈≈≈≈≈≈≈≈≈≈≈≈≈≈≈..≈≈≈≈≈≈≈≈≈


You could see a merfolk avatar (mesmerising) and 2 satyrs.

Vanquished Creatures
  4 emperor scorpions
  7 ghost moths
  2 orc warlords
  5 entropy weavers
  A spark wasp (Spider:3)
  2 merfolk javelineers
  5 merfolk impalers
  Harold (D:11)
  A centaur warrior (D:13)
  9 hydras
  2 merfolk aquamancers
  An alligator snapping turtle (Shoals:3)
  2 satyrs
  2 dancing weapons (D:14)
  3 tengu warriors
  A vampire mage (D:15)
  2 death yaks (Lair:1)
  An orc high priest (Orc:2)
  Sonja (Lair:5)
  4 unseen horrors
  2 skeletal warriors (D:15)
  7 sea snakes
  A necromancer (D:15)
  21 harpies
  An orc knight (D:15)
  22 orb spiders
  12 ugly things
  6 manticores
  36 wolf spiders
  4 orc sorcerers (Orc:2)
  3 deep elf magi
  5 fauns
  4 cyclopes
  A fire giant zombie (D:15)
  A stone giant zombie (D:15)
  A moth of wrath (Spider:4)
  3 centaur zombies
  5 black mambas
  Joseph (D:7)
  4 elephants
  3 merfolk sirens
  4 torpor snails (Lair:4)
  5 water nymphs
  4 gargoyles
  26 spiny frogs
  6 kobold demonologists
  An efreet (D:15)
  13 rime drakes
  2 ice devils (D:14)
  11 komodo dragons
  15 demonic crawlers
  2 tengu conjurers
  A freezing wraith (D:12)
  38 jumping spiders
  6 trolls
  3 meliai (D:14)
  5 tyrant leeches (Lair:6)
  12 hornets
  19 merfolk
  A polar bear (Lair:5)
  Prince Ribbit (D:7)
  7 dream sheep
  17 blink frogs
  A wind drake (Shoals:1)
  6 snapping turtles
  9 slime creatures
  10 hippogriffs
  A meliai zombie (D:14)
  10 water elementals
  31 tarantellas
  A shadow (D:13)
  49 redbacks
  2 spriggan skeletons (D:15)
  21 yaks
  9 wyverns
  2 basilisks
  11 steam dragons (Lair:3)
  A hungry ghost (D:10)
  12 vampire mosquitoes
  A warg (Orc:2)
  An acid dragon (D:11)
  3 soldier ants
  15 water moccasins
  6 porcupines
  36 orc warriors
  An eye of draining (D:13)
  2 necrophages
  An ice beast (D:8)
  3 phantoms
  7 sky beasts
  5 black bears
  14 ogres
  11 wolves
  15 centaurs
  5 crocodiles
  4 big kobolds
  25 bullfrogs
  A wyvern zombie (D:8)
  A wyvern skeleton (D:14)
  6 scorpions
  3 killer bees (D:13)
  12 wights
  10 howler monkeys
  10 crimson imps
  A quasit (D:8)
  5 hounds
  5 jellies
  Crazy Yiuf (D:7)
  25 orc priests
  A centaur skeleton (D:8)
  5 bullfrog skeletons
  An iguana (D:6)
  Natasha (twice) (D:3)
  11 worker ants
  20 orc wizards
  2 hound zombies
  2 hound skeletons (D:3)
  A worker ant zombie (D:7)
  Robin (D:4)
  3 gnolls
  14 adders
  A howler monkey skeleton (D:10)
  6 shadow imps
  3 oozes
  An adder skeleton (D:8)
  3 worms
  A dart slug (D:1)
  5 leopard geckos
  104 orcs
  4 ball pythons
  7 bats
  3 giant cockroaches
  17 goblins
  10 hobgoblins
  15 jackals
  23 kobolds
  6 quokkas
  4 frilled lizards
  A jackal zombie (D:6)
  A leopard gecko skeleton (D:4)
  A quokka zombie (D:6)
  4 rats
  4 tentacles (Shoals:2)
1096 creatures vanquished.

Vanquished Creatures (collateral kills)
  Rupert (Lair:5)
  2 merfolk javelineers (Shoals:3)
  2 hydras
  A death yak (Lair:1)
  An unseen horror (D:12)
  2 merfolk (Shoals:1)
  A dream sheep (Shoals:4)
  A warg (Orc:2)
  An orc warrior (Orc:2)
  An orc priest (Orc:2)
13 creatures vanquished.

Vanquished Creatures (others)
  A sea snake (Shoals:4)
  A wolf spider (Spider:4)
  A faun (Shoals:4)
  A jumping spider (Spider:4)
  A steam dragon (Lair:3)
  3 bushes (Lair:6)
  13 fungi
  108 plants
  17 tentacles (Shoals:2)
  12 withered plants
158 creatures vanquished.

Grand Total: 1267 creatures vanquished

Notes
Turn   | Place    | Note
-------+----------+-------------------------------------------
     0 | D:1      | py09dh the Minotaur Berserker began the quest for the Orb.
     0 | D:1      | Reached XP level 1. HP: 19/19 MP: 0/0
    87 | D:1      | Reached XP level 2. HP: 22/27 MP: 1/1
   234 | D:1      | Reached skill level 4 in Maces & Flails
  1052 | D:1      | Reached XP level 3. HP: 34/34 MP: 2/2
  1101 | D:2      | Reached ** piety under Trog
  1535 | D:2      | Reached XP level 4. HP: 39/41 MP: 3/3
  1691 | D:2      | Reached skill level 5 in Maces & Flails
  2016 | D:3      | Reached XP level 5. HP: 30/47 MP: 4/4
  2868 | D:3      | Noticed a black bear
  2933 | D:2      | Killed a black bear
  2933 | D:2      | Reached skill level 6 in Maces & Flails
  2933 | D:2      | Reached XP level 6. HP: 51/55 MP: 5/5
  2972 | D:3      | Noticed Natasha
  2989 | D:3      | Killed Natasha
  2989 | D:3      | Reached skill level 7 in Maces & Flails
  3198 | D:3      | Reached *** piety under Trog
  3319 | D:3      | Noticed Natasha
  3330 | D:3      | Killed Natasha
  3573 | D:4      | Noticed Robin
  3649 | D:4      | Reached skill level 8 in Maces & Flails
  3897 | D:5      | Entered Level 5 of the Dungeon
  4015 | D:4      | Reached XP level 7. HP: 60/60 MP: 6/6
  4099 | D:4      | Killed Robin
  4958 | D:5      | Reached skill level 9 in Maces & Flails
  4978 | D:5      | Reached **** piety under Trog
  4978 | D:5      | Reached skill level 10 in Maces & Flails
  5656 | D:5      | Found a staircase to the Ecumenical Temple.
  5698 | D:5      | Noticed a wyvern
  5704 | D:5      | Killed a wyvern
  5704 | D:5      | Reached XP level 8. HP: 66/66 MP: 7/7
  5839 | Temple   | Entered the Ecumenical Temple
  6144 | D:6      | Reached skill level 11 in Maces & Flails
  7284 | D:6      | Found a hide-covered altar of Uskayaw.
  7330 | D:6      | Reached skill level 12 in Maces & Flails
  7558 | D:7      | Noticed Prince Ribbit
  7810 | D:6      | Reached skill level 13 in Maces & Flails
  8228 | D:5      | Reached XP level 9. HP: 71/72 MP: 8/8
  8554 | D:7      | Got a masterwork war axe
  8659 | D:7      | Found a bloodstained altar of Trog.
  9008 | D:7      | Reached skill level 14 in Maces & Flails
  9147 | D:7      | Noticed Joseph
  9809 | D:7      | Killed Joseph
  9809 | D:7      | Reached skill level 15 in Maces & Flails
  9843 | D:7      | Found a runed translucent door.
  9844 | D:7      | Noticed Crazy Yiuf
  9848 | D:7      | Killed Crazy Yiuf
  9940 | D:7      | Killed Prince Ribbit
  9940 | D:7      | Reached ***** piety under Trog
 10338 | D:8      | Reached XP level 10. HP: 69/79 MP: 9/9
 10360 | D:8      | Reached skill level 16 in Maces & Flails
 10369 | D:8      | Reached skill level 1 in Shields
 10745 | D:8      | Found the +1 cloak of Starlight {rElec rC+ EV+4 Stlth--}
 10863 | D:8      | Noticed a four-headed hydra
 10871 | D:8      | Killed a four-headed hydra
 10871 | D:8      | Reached skill level 5 in Armour
 10938 | D:8      | Noticed a purple ugly thing
 10946 | D:8      | Killed a purple ugly thing
 10946 | D:8      | Reached skill level 5 in Shields
 11249 | D:8      | Found a staircase to the Lair.
 11258 | Lair:1   | Entered Level 1 of the Lair of Beasts
 11623 | Lair:1   | Noticed a spiny frog
 11634 | Lair:1   | Killed a spiny frog
 11755 | Lair:1   | Reached XP level 11. HP: 69/84 MP: 10/10
 12651 | Lair:1   | Received a gift from Trog
 13528 | Lair:2   | Noticed a death yak
 13528 | Lair:2   | Noticed a death yak
 13561 | Lair:1   | Killed a death yak
 13561 | Lair:1   | Reached skill level 5 in Fighting
 13561 | Lair:1   | Reached skill level 10 in Armour
 13576 | Lair:2   | Noticed a death yak
 13597 | Lair:1   | Killed a death yak
 13615 | Lair:1   | Killed a death yak
 13865 | Lair:2   | Got a pair of buzzing gloves
 13876 | Lair:2   | Identified the +1 pair of gloves "Riwui" {rN+ Slay+2} (You
                  | found it on level 2 of the Lair of Beasts)
 14195 | Lair:2   | Noticed a five-headed hydra
 14215 | Lair:1   | Killed a five-headed hydra
 14714 | Lair:3   | Found a large runed translucent door.
 14720 | Lair:3   | Found a large runed translucent door.
 15319 | Lair:3   | Reached XP level 12. HP: 95/100 MP: 11/11
 16102 | Lair:3   | Noticed Voril's ghost (journeyman MiBe)
 16523 | Lair:3   | Reached skill level 10 in Fighting
 16646 | Lair:4   | Found a hole to the Spider Nest.
 16955 | Lair:4   | Found a staircase to the Shoals.
 17086 | Lair:4   | Found a snail-covered altar of Cheibriados.
 17589 | Lair:5   | Noticed Sonja
 17882 | Lair:5   | Killed Sonja
 18926 | Lair:6   | Entered Level 6 of the Lair of Beasts
 19048 | Lair:5   | Noticed Rupert
 19058 | Lair:5   | Killed Rupert
 19058 | Lair:5   | Reached XP level 13. HP: 117/117 MP: 12/12
 20407 | Lair:6   | Found a viscous altar of Jiyva.
 20407 | Lair:6   | Found a staircase to the Slime Pits.
 20444 | Lair:6   | Reached skill level 15 in Armour
 21932 | Lair:6   | Reached skill level 15 in Fighting
 22100 | Lair:6   | Received a gift from Trog
 22904 | Lair:6   | Identified the Disquisition on Ignition and Dark Secrets
 23565 | Slime:1  | Entered Level 1 of the Pits of Slime
 23834 | D:10     | Entered Level 10 of the Dungeon
 23962 | D:9      | Got a spiked chain mail
 23973 | D:9      | Identified the +5 chain mail of Agoraphobia {*Slow rPois
                  | rN+ Dex+2} (You found it on level 9 of the Dungeon)
 24745 | D:10     | Reached XP level 14. HP: 135/135 MP: 13/13
 24754 | D:10     | Found a runed translucent gate.
 24754 | D:10     | Found a runed translucent gate.
 24758 | D:10     | Found a runed translucent gate.
 24759 | D:10     | Noticed Mimor's ghost (journeyman GnWn)
 24759 | D:10     | Noticed lepoulpe303's ghost (journeyman SpEE)
 25239 | D:9      | Identified a scroll of acquirement
 25239 | D:9      | Acquired 640 gold pieces
 25353 | D:11     | Found Yrchuva's Antique Weapon Shoppe.
 25535 | D:11     | Noticed Harold
 25543 | D:11     | Killed Harold
 25986 | D:11     | Reached skill level 17 in Maces & Flails
 26002 | D:11     | Found a basalt altar of Yredelemnul.
 26657 | D:12     | Reached ****** piety under Trog
 26667 | D:12     | Gained mutation: Your spells are a little easier to cast,
                  | but a little less powerful. [a neqoxec]
 26680 | D:12     | Received a gift from Trog
 26742 | D:12     | Found Kiklu's Weapon Shoppe.
 27287 | D:12     | Reached skill level 18 in Maces & Flails
 27722 | D:12     | Found a staircase to the Orcish Mines.
 27728 | Orc:1    | Entered Level 1 of the Orcish Mines
 27728 | Orc:1    | Found Doacs's Food Boutique.
 28118 | D:12     | Received a gift from Trog
 28119 | D:12     | Got a crude great mace {god gift}
 28126 | D:12     | Identified the +7 great mace "Teloka" {flame, MR+} (Trog
                  | gifted it to you on level 12 of the Dungeon)
 28231 | Orc:2    | Entered Level 2 of the Orcish Mines
 28564 | Orc:2    | Noticed an orc warlord
 29194 | Orc:1    | Killed an orc warlord
 29466 | Orc:2    | Found a staircase to the Elven Halls.
 29499 | Orc:2    | Found a roughly hewn altar of Beogh.
 29579 | Orc:2    | Found Bocsiu's Assorted Antiques.
 29587 | Orc:2    | Bought a scroll labeled BACHYZOADU for 31 gold pieces
 29587 | Orc:2    | Bought a scroll of teleportation for 93 gold pieces
 29587 | Orc:2    | Bought a scroll of teleportation for 93 gold pieces
 29587 | Orc:2    | Bought a tubular glass ring for 155 gold pieces
 29669 | Orc:2    | Found a roughly hewn altar of Beogh.
 29674 | Orc:2    | Received a gift from Trog
 29688 | Orc:2    | Reached skill level 19 in Maces & Flails
 30008 | Orc:2    | Noticed an orc warlord
 30200 | Orc:2    | Killed an orc warlord
 30437 | Orc:2    | Found a roughly hewn altar of Beogh.
 30665 | Orc:2    | Found a roughly hewn altar of Beogh.
 30747 | Orc:2    | Found Zeurphom's Food Shop.
 30850 | Orc:2    | Found Qoiren's Antique Armour Shop.
 30852 | Orc:2    | Found a roughly hewn altar of Beogh.
 30853 | Orc:2    | Found Hoxual's Antique Weapon Boutique.
 30866 | Orc:2    | Bought a runed dire flail for 210 gold pieces
 30962 | Orc:2    | Found a roughly hewn altar of Beogh.
 30963 | Orc:2    | Found Vont's Food Boutique.
 32059 | D:13     | Found Patan's Jewellery Boutique.
 32103 | D:13     | Reached skill level 20 in Maces & Flails
 32426 | D:15     | Entered Level 15 of the Dungeon
 32436 | D:14     | Reached XP level 15. HP: 129/141 MP: 14/14
 32742 | D:14     | Found a white marble altar of Elyvilon.
 32751 | D:14     | Received a gift from Trog
 32790 | D:14     | Found a gate to the Vaults.
 32821 | D:14     | Got an ancient ring mail
 32832 | D:14     | Identified the +3 ring mail of the Trombone {Str+5} (You
                  | found it on level 14 of the Dungeon)
 33600 | D:15     | Reached skill level 5 in Dodging
 33662 | D:15     | Found a staircase to the Depths.
 34986 | D:15     | Found a blossoming altar of Fedhas.
 35031 | D:15     | Received a gift from Trog
 35486 | Spider:1 | Entered Level 1 of the Spider Nest
 35960 | Spider:1 | You fall into a shaft and drop 1 floor!
 36811 | Spider:1 | Noticed a ghost moth
 36811 | Spider:1 | Noticed a ghost moth
 36814 | Spider:1 | Killed a ghost moth
 36816 | Spider:1 | Killed a ghost moth
 37673 | Spider:2 | Found a runed translucent gate.
 37673 | Spider:2 | Found a runed translucent gate.
 37986 | Spider:2 | Reached XP level 16. HP: 68/152 MP: 15/15
 39139 | Spider:2 | Received a gift from Trog
 40621 | Spider:2 | Found a runed translucent gate.
 40622 | Spider:2 | Noticed ywyr's ghost (adept OpCj)
 40623 | Spider:2 | Noticed cfbundy's ghost (adept FoFi)
 41430 | Spider:3 | Received a gift from Trog
 41451 | Spider:4 | Entered Level 4 of the Spider Nest
 41792 | Spider:3 | Reached skill level 10 in Dodging
 44136 | Spider:4 | Reached skill level 10 in Shields
 44372 | Spider:3 | Received a gift from Trog
 45706 | Spider:3 | Reached XP level 17. HP: 114/163 MP: 0/16
 47140 | Spider:4 | Received a gift from Trog
 47484 | Spider:4 | Got a gossamer rune of Zot
 48162 | Shoals:1 | Entered Level 1 of the Shoals
 50258 | Shoals:2 | Received a gift from Trog
 50562 | Shoals:2 | Identified the +5 shortbow of Painful Death {flame, rElec
                  | rF+}
 50736 | Shoals:2 | Noticed a kraken
 52298 | Shoals:4 | Entered Level 4 of the Shoals
 54608 | Shoals:3 | Received a gift from Trog
 55201 | Shoals:4 | Shot with an arrow by a satyr

Illustrated notes

Levels and vault maps discovered:
D:1:      tarquinn_simple_flora_water_e, layout_loops_ring
D:2:      layout_loops_cross, first_ration
D:3:      layout_basic, uniq_natasha
D:4:      layout_layer_cave, uniq_robin
D:5:      layout_gridville, minmay_temple_entry_enclosed_plants
D:6:      layout_loops_ring, overflow_temple_1_default
D:7:      layout_cave_pools, trog_ov_bears_minmay, uniq_crazy_yiuf_cottage,
          uniq_joseph, uniq_prince_ribbit1
D:8:      minmay_the_grid_plus [minmay_the_grid_medium_cups,
          minmay_the_grid_broken_lines, minmay_the_grid_slots,
          minmay_the_grid_large_cup,
          minmay_the_grid_prize_four_corners_diamond_b], layout_basic,
          david_lair_shrubbed
D:9:      layout_long_grid
D:10:     layout_loops_cross, gammafunk_ghost_cemetery
D:11:     layout_grid_maze, serial_shops, shop, hangedman_pestilent_swarm,
          minivault_15, yredelemnul_altar_generic, uniq_harold
D:12:     layout_irregular_city, orc_0_dummy, serial_shops,
          nicolae_shop_waterfront, minmay_unpleasant_kobolds
D:13:     layout_cave_pools, serial_shops, shop, minivault_26, minivault_11
D:14:     layout_irregular_city, erik_vaults_1, elyvilon_altar_3,
          portal_ice_cave_demonic_guard
D:15:     gammafunk_depths_entry_grave, layout_basic, fedhas_altar_3
Temple:   roderic_octagonal_lattice_temple
Lair:1:   layout_chaotic_city, gauntlet_entry_generic, beast_lair_carwin_7
Lair:2:   layout_chaotic_city, infiniplex_staircase_pool_2, lemuel_fruit_tree
Lair:3:   layout_chaotic_city, ebering_ghost_disaster_area,
          eino_small_chamber_without_monster, bobbens_dragon_lair_wall
Lair:4:   layout_hall_layers, elwin_shoals_entry_rocks,
          nicolae_spider_entry_orb_guardian, kennysheep_snail_temple
Lair:5:   layout_misc_corridors, beast_lair_carwin_1, uniq_rupert, uniq_sonja
Lair:6:   minmay_lair_end_frog_pond, layout_long_grid, slime_altar_1
Shoals:1: layout_shoals, nicolae_shoals_so_close
Shoals:2: layout_shoals
Shoals:3: layout_shoals
Shoals:4: shoals_end_grunt_garden, layout_shoals, shoal_ilsuiw, serial_shops,
          freezing_bzr, nicolae_alphabet_shops, uniq_polyphemus
Spider:1: layout_spider_delve
Spider:2: spider_temple_joshua, gammafunk_ghost_cemetery
Spider:3: layout_spider_delve
Spider:4: spider_rune_water
Slime:1:  layout_caves
Orc:1:    layout_caves, serial_shops, shop_fountains
Orc:2:    grunt_orc_community_town_hall, layout_caves,
          grunt_orc_community_big_house_1, grunt_orc_community_big_house_2,
          grunt_orc_community_house_3, grunt_orc_community_house_1,
          grunt_orc_community_house_3, grunt_orc_community_house_3,
          grunt_orc_community_house_1, grunt_orc_community_house_2,
          serial_shops, nicolae_shop_overgrown_old_shop

Skill      XL: |  1  2  3  4  5  6  7  8  9 10 11 12 13 14 15 16 17 |
---------------+----------------------------------------------------+-----
Fighting       | 4 8 11 15 16 18 19 | 19.2
Maces & Flails | 4 5 6 8 10 13 15 16 20 | 20.0
Dodging        | 3 8 10 | 10.3
Armour         | 3 8 11 14 15 16 17 18 | 18.0
Shields        | 7 9 10 14 | 14.8
Stealth        | |  0.5

Action                   |  1- 3 |  4- 6 |  7- 9 | 10-12 | 13-15 | 16-18 || total
-------------------------+-------+-------+-------+-------+-------+-------++-------
Melee: Mace              |    73 |    59 |    70 |    83 |       |   244 ||   529
       Headbutt          |    10 |    21 |    49 |   102 |   251 |   238 ||   671
       Flail             |       |    99 |    17 |       |   132 |       ||   248
       Morningstar       |       |       |   177 |   426 |     1 |       ||   604
       Great mace        |       |       |       |       |  1005 |   291 ||  1296
       Dire flail        |       |       |       |       |    61 |       ||    61
       Eveningstar       |       |       |       |       |       |   558 ||   558
Throw: Stone             |       |       |     4 |     7 |       |       ||    11
       Boomerang         |       |       |       |       |       |    13 ||    13
       Javelin           |       |       |       |       |       |     3 ||     3
Invok: Berserk           |       |       |     1 |     3 |     2 |       ||     6
       Brothers in Arms  |       |       |       |     5 |     3 |     3 ||    11
       Trog's Hand       |       |       |       |     1 |     1 |     3 ||     5
Evoke: Wand              |       |       |     1 |     5 |       |     2 ||     8
  Use: Scroll            |       |     6 |     5 |    13 |    11 |    12 ||    47
       Potion            |       |       |       |     1 |     6 |     2 ||     9
  Eat: Ration            |     1 |       |     2 |     4 |     8 |    11 ||    26
       Chunk             |       |     6 |    14 |    20 |    39 |    17 ||    96
Armor: Animal skin       |    13 |       |       |       |       |       ||    13
       Ring mail         |     1 |    40 |       |       |       |       ||    41
       Chain mail        |       |    77 |   126 |   210 |   592 |       ||  1005
       Skin              |       |       |       |       |     1 |       ||     1
       Plate armour      |       |       |       |       |   413 |   835 ||  1248
Dodge: Dodged            |    37 |   123 |   100 |   226 |   854 |   927 ||  2267
Block: Buckler           |       |       |    11 |   117 |       |       ||   128
       Tower shield      |       |       |       |       |       |  1252 ||  1252
